 Dungeon Crawl Stone Soup version 0.20.1-1-g8b1a95d (webtiles) character file.

100 mythless the Sneak (level 5, -3/40 HPs)
             Began as a Human Assassin on Nov 5, 2017.
             Was an Initiate of Okawaru.
             Killed from afar by an orc wizard (5 damage)
             ... with a puff of frost
             ... on level 3 of the Dungeon.
             The game lasted 00:23:41 (2765 turns).

mythless the Sneak (Human Assassin)                 Turns: 2765, Time: 00:23:42

Health: -3/40      AC:  3    Str: 17    XL:     5   Next: 3%
Magic:  5/5        EV: 12    Int: 12    God:    Okawaru [......]
Gold:   53         SH:  0    Dex: 14    Spells: 4/4 levels left

rFire    . . .     SeeInvis .   a - +2 dagger
rCold    . . .     Gourm    .   (no shield)
rNeg     . . .     Faith    .   c - +0 robe
rPois    .         Spirit   .   (no helmet)
rElec    .         Reflect  .   d - +0 cloak
rCorr    .         Harm     .   (no gloves)
MR       .....                  (no boots)
Stlth    +++.......             (no amulet)
Regen    0.2/turn               l - +5 ring of strength
MPRegen  0.1/turn               (no ring)

@: no status effects
A: no striking features
a: Renounce Religion


You were on level 3 of the Dungeon.
You worshipped Okawaru.
Okawaru was noncommittal.
You were not hungry.

You visited 1 branch of the dungeon, and saw 3 of its levels.

You collected 53 gold pieces.

Inventory:

Hand Weapons
 a - a +2 dagger (weapon)
 b - a +0 blowgun
 t - a +2 dagger of protection
Missiles
 e - 6 poisoned needles
 f - 2 curare-tipped needles
 h - 87 arrows
 j - 50 bolts
Armour
 c - a +0 robe (worn)
 d - a +0 cloak (worn)
 k - a +0 robe
 m - a +0 helmet
 r - a cursed +0 leather armour
Jewellery
 l - a +5 ring of strength (left hand)
Wands
 o - a wand of flame (15/48)
Scrolls
 g - a scroll of remove curse {unknown}
 p - a scroll of teleportation
 s - a scroll of identify
Potions
 n - a potion of curing
 q - a potion of lignification {unknown}
 u - a potion of invisibility


   Skills:
 + Level 2.8 Fighting
 + Level 2.5 Short Blades
 + Level 3.3 Throwing
 + Level 1.6 Dodging
 + Level 4.3 Stealth


You had 4 spell levels left.
You didn't know any spells.

Dungeon Overview and Level Annotations

Branches:
Dungeon (3/15)

Altars:
Cheibriados
Okawaru
Zin


Message History

The orc wizard hits you but does no damage.
You hit the orc wizard but do no damage.
The orc wizard is almost dead.
The orc wizard hits you with a dagger.
You closely miss the orc wizard.
The orc wizard is almost dead.
The orc wizard hits you with a dagger.
The orc wizard points at you and mumbles some strange words.
The puff of frost hits you!
* * * LOW HITPOINT WARNING * * *
You barely miss the orc wizard.
The orc wizard is almost dead.
The orc wizard casts a spell at you. The puff of frost hits you!
* * * LOW HITPOINT WARNING * * *
You closely miss the orc wizard.
The orc wizard is almost dead.
The orc wizard gestures at you while chanting.
The puff of frost hits you!
You die...

........♣P..#
######.....#
##.##...# #.#
###.#
##.###..#
#.#.##.#
#..## #..
##.## ###
##@# ##o# s#
.! .## ##


You could see an orc wizard and a giant cockroach.

Vanquished Creatures
  Robin (D:3)
  2 adders (D:2)
  An ooze (D:2)
  2 worms
  A dart slug (D:1)
  2 leopard geckos (D:3)
  2 orcs (D:3)
  2 bats
  A giant cockroach (D:1)
  16 goblins
  7 hobgoblins
  6 kobolds
  2 quokkas (D:2)
  3 ball pythons
  4 frilled lizards
  A rat (D:3)
53 creatures vanquished.

Notes
Turn   | Place    | Note
-------+----------+-------------------------------------------
     0 | D:1      | mythless the Human Assassin began the quest for the Orb.
     0 | D:1      | Reached XP level 1. HP: 16/16 MP: 1/1
   493 | D:1      | Reached XP level 2. HP: 22/22 MP: 2/2
  1488 | D:2      | Reached XP level 3. HP: 25/27 MP: 3/3
  1983 | D:2      | Found a faded altar of an unknown god.
  2117 | D:2      | Reached XP level 4. HP: 34/34 MP: 4/4
  2467 | D:3      | Noticed Robin
  2482 | D:3      | Killed Robin
  2607 | D:3      | Found a glowing silver altar of Zin.
  2607 | D:3      | Found an iron altar of Okawaru.
  2607 | D:3      | Found a snail-covered altar of Cheibriados.
  2652 | D:3      | Became a worshipper of Warmaster Okawaru
  2737 | D:3      | Reached XP level 5. HP: 29/39 MP: 5/5
  2764 | D:3      | HP: 2/40 [orc wizard/puff of frost (10)]
  2765 | D:3      | Killed from afar by an orc wizard

Skill      XL: |  1  2  3 |
---------------+----------+-----
Throwing       | 3 |  3.3
Fighting       | |  2.8
Short Blades   | |  2.5
Dodging        | |  1.6
Stealth        | |  4.3

Action                   |  1- 3 |  4- 6 || total
-------------------------+-------+-------++-------
Melee: Dagger            |    64 |   117 ||   181
 Fire: Blowgun           |    32 |       ||    32
  Use: Potion            |     5 |     3 ||     8
       Scroll            |     5 |       ||     5
 Stab: Sleeping          |     4 |     1 ||     5
  Eat: Bread ration      |     1 |       ||     1
       Meat ration       |       |     1 ||     1
Armor: Robe              |    30 |    17 ||    47
Dodge: Dodged            |    53 |    43 ||    96
